 Dungeon Crawl Stone Soup version 0.20.1-1-g8b1a95d (webtiles) character file.

60 slep the Skirmisher (level 4, -4/40 HPs)
             Began as a Ghoul Abyssal Knight on Oct 30, 2017.
             Was a Follower of Lugonu.
             Slain by Sigmund
             ... wielding a +0 scythe
              (9 damage)
             ... on level 2 of the Dungeon.
             The game lasted 00:06:46 (1016 turns).

slep the Skirmisher (Ghoul Abyssal Knight)          Turns: 1016, Time: 00:06:47

Health: -4/40      AC:  5    Str: 15    XL:     4   Next: 4%
Magic:  4/4        EV: 11    Int: 12    God:    Lugonu [*.....]
Gold:   108        SH:  0    Dex:  9    Spells: 3/3 levels left

rFire    . . .     SeeInvis .   a - +1 falchion
rCold    + . .     Gourm    .   (no shield)
rNeg     + + +     Faith    .   b - +0 leather armour
rPois    ∞         Spirit   .   k - +0 helmet
rElec    .         Reflect  .   (no cloak)
rCorr    .         Harm     .   (no gloves)
MR       .....                  i - +0 pair of boots
Stlth    +.........             (no amulet)
Regen    0.0/turn               (no ring)
MPRegen  0.1/turn               (no ring)

@: brilliant, rotting
A: rotting body, claws 1, carnivore 3, cold resistance 1, negative energy
resistance 3, inhibited regeneration, torment resistance, unbreathing
a: Depart the Abyss, Renounce Religion


You were on level 2 of the Dungeon.
You worshipped Lugonu.
Lugonu was aware of your devotion.
You were not hungry.

You visited 1 branch of the dungeon, and saw 2 of its levels.
You visited the Abyss 1 time.

You collected 108 gold pieces.

Inventory:

Hand Weapons
 a - a +1 falchion (weapon)
Missiles
 f - 4 javelins (quivered)
Armour
 b - a +0 leather armour (worn)
 i - a +0 pair of boots (worn)
 k - a +0 helmet (worn)
Scrolls
 d - a scroll of amnesia {unknown}
 e - 7 scrolls of identify {unknown}
 j - a scroll of teleportation {unknown}
 n - a scroll of fog {unknown}
Comestibles
 c - a meat ration
 g - a royal jelly
 m - 6 chunks of flesh


   Skills:
 + Level 4.2 Fighting
 + Level 2.6 Long Blades
 + Level 2.0 Armour
 + Level 1.0 Dodging
 + Level 2.1 Invocations


You had 3 spell levels left.
You didn't know any spells.

Dungeon Overview and Level Annotations

Branches:
Dungeon (2/15)

Altars:
Elyvilon

Annotations:
D:2 Sigmund


Innate Abilities, Weirdness & Mutations

Your body is rotting away.
You thrive on raw meat.
You are immune to poison.
You have sharp fingernails.
You are carnivorous and can eat meat at any time.
Your flesh is cold resistant. (rC+)
You are immune to negative energy. (rN+++)
You do not regenerate when monsters are visible.
You are immune to unholy pain and torment.
You can survive without breathing.


Message History

* * * LOW HITPOINT WARNING * * *
The kobold hits you but does no damage.
You barely miss Sigmund.
Sigmund is severely wounded.
The hobgoblin hits you but does no damage.
Sigmund closely misses you.
You riposte.
You hit Sigmund but do no damage.
Sigmund is severely wounded.
The kobold misses you.
You riposte.
You hit the kobold.
You kill the kobold!
Lugonu accepts your kill.
You feel better. The hobgoblin hits you.
* * * LOW HITPOINT WARNING * * *
Sigmund barely misses you.
You hit Sigmund.
Sigmund is almost dead.
The hobgoblin barely misses you.
You hit Sigmund.
Sigmund is almost dead.
The hobgoblin closely misses you. Sigmund hits you with a scythe!
You die...

#.# #.......# #.#
.........#.......#### #.#
.........#........... ####.#
.........#....>..##### .....#
.........#...........# ######
.........#...........#
.........#...........#
......@)g#...(.......### #
.......@.####'######.... #
.......................# #
.......................#
#+###############...............#
........# #...............#
........#########...............#
..................###########.###
........#########.# #.#
..[.....#####################.#


You could see Sigmund and a hobgoblin.

Vanquished Creatures
  A gnoll (D:1)
  An adder (D:2)
  A dart slug (D:1)
  3 leopard geckos
  A ball python (D:2)
  4 bats
  3 giant cockroaches
  7 goblins (D:1)
  2 hobgoblins (D:1)
  A quokka (D:2)
  2 frilled lizards
  4 kobolds
  5 rats
35 creatures vanquished.

Vanquished Creatures (others)
  A goblin (D:2)
1 creature vanquished.

Grand Total: 36 creatures vanquished

Notes
Turn   | Place    | Note
-------+----------+-------------------------------------------
     0 | Abyss:1  | slep the Ghoul Abyssal Knight began the quest for the Orb.
     0 | Abyss:1  | Reached XP level 1. HP: 19/19 MP: 1/1
    45 | Abyss:1  | Noticed a large abomination
    49 | Abyss:1  | Noticed a large abomination
    63 | Abyss:2  | Found a corrupted altar of Lugonu.
    67 | Abyss:2  | Noticed a vampire mage
    68 | Abyss:2  | Noticed a flying skull
    70 | Abyss:2  | Noticed a frost giant simulacrum
    70 | Abyss:2  | Noticed a phantasmal warrior
    74 | D:1      | Escaped the Abyss
   201 | D:1      | Reached XP level 2. HP: 20/26 MP: 2/2
   288 | D:1      | Reached * piety under Lugonu
   298 | D:1      | Reached skill level 4 in Fighting
   298 | D:1      | Reached XP level 3. HP: 10/33 MP: 3/3
   756 | D:2      | Reached skill level 1 in Dodging
   878 | D:2      | Found a white marble altar of Elyvilon.
   981 | D:2      | Reached XP level 4. HP: 34/40 MP: 4/4
   999 | D:2      | Noticed Sigmund
  1012 | D:2      | HP: 1/40 [hobgoblin (2)]
  1016 | D:2      | Slain by Sigmund

Skill      XL: |  1  2  3 |
---------------+----------+-----
Long Blades    | 2 |  2.6
Fighting       | 4 |  4.2
Dodging        | 1 |  1.0
Armour         | 2 |  2.0
Invocations    | |  2.1

Action                   |  1- 3 |  4- 6 || total
-------------------------+-------+-------++-------
Melee: Falchion          |    92 |    12 ||   104
Invok: Depart the Abyss  |     1 |       ||     1
  Use: Potion            |       |     3 ||     3
  Eat: Chunk             |     8 |       ||     8
Armor: Leather armour    |    40 |    11 ||    51
Dodge: Dodged            |    53 |    17 ||    70
       Rpst.: Falchion   |    18 |     6 ||    24
